[Event "*** Titled Tuesday Blitz"]
[Site "Chess.com"]
[Date "2021.03.09"]
[Round "1"]
[White "Fandorin779"]
[Black "enriquebutti"]
[Result "0-1"]
[WhiteElo "2504"]
[BlackElo "2204"]
[TimeControl "180+1"]
[EndTime "10:08:03 PST"]
[Termination "enriquebutti won on time"]

1. c4 e5 2. b3 Nc6 3. Bb2 d6 4.
Nc3 g6 5. g3 Bg7 6. Bg2 f5 7. e3 Nf6 8. Nge2 O-O 9. d4 e4 10.
O-O Nb4 11. Nf4 g5 12. Nfd5 Nfxd5 13. Nxd5 Nd3 14. Bc3 c6 15. Nb4 Nxb4 16. Bxb4 Rf7 17. Bc3 d5 18. f3 Be6 19. Qd2 Qd7 20. Rf2 exf3 21. Bxf3 dxc4 22. bxc4 Bxc4 23. Bh5 Re7 24. Bb4 Re4 25. Qc3 Bd5 26. Raf1 f4 27. gxf4 gxf4 28.
exf4 Rxd4 29. Qg3 Kh8 30. Bc3 Re4 31. Rg2 Re7 32. f5 Bxg2 33. f6 Bxf1 34. f7 Rxf7 35. Bg4 Qd1 36. Bxd1 Rg8 37. Bg4 Bc4 38. h3 Bd5 39.
Kh2 Rf1 40. Bxg7+ Rxg7 41. Qb8+ Rg8 42. Qe5+ Rg7 43. Kg3 Rg1+ 44. Kh4 Bg8 45. Kh5 Rf1 46. Kh6 Rf7 47. Be6 Re7 48. Qf6 Bxe6 0-1

[Event "*** Titled Tuesday Blitz"]
[Site "Chess.com"]
[Date "2021.03.09"]
[Round "1"]
[White "SerGo055"]
[Black "Nemsko"]
[Result "1-0"]
[WhiteElo "2574"]
[BlackElo "2267"]
[TimeControl "180+1"]
[EndTime "10:08:05 PST"]
[Termination "SerGo055 won by resignation"]

1. d4 Nf6 2. Nf3 d5 3. c4 e6 4.
Nc3 Bb4 5. Qb3 a5 6. a3 Bxc3+ 7. bxc3 O-O 8. a4 c6 9. Ba3 Re8 10. e3 Nbd7 11. Be2 b6 12. O-O Ba6 13. Rfe1 Ne4 14. Rad1 Qc7 15. cxd5 exd5 16. Bxa6 Rxa6 17. c4 Ndf6 18. Rc1 Qb7 19. cxd5 Nxd5 20. Ne5 b5 21. Bc5 b4 22. f3 Nef6 23. e4 Nf4 24. Qc4 Raa8 25.
Bd6 Ne6 26. Nxc6 Kh8 27. d5 Nd8 28. Bg3 Rc8 29. Qb5 Qd7 30. Nxa5 Ra8 31. Nc6 b3 32. Qxb3 Nxc6 33. Rxc6 Qa7+ 34. Bf2 Qxa4 35. Qxa4 Rxa4 36. Rec1 Raa8 37. Bd4 Nd7 38. Rc7 Rad8 39. h3 f6 40.
R1c6 Nf8 41. Ra6 Rd7 42. Rxd7 Nxd7 43. Ra7 Ne5 44. Bxe5 fxe5 45. Kf2 Kg8 46. Kg3 Kf8 47. Kg4 g6 48. Kg5 Kg8 49. Kf6 Rf8+ 50. Kxe5 Re8+ 51. Kd4 Rd8 52. e5 Rb8 53. e6 Rb4+ 54. Ke5 Rb8 55.
d6 Rb5+ 56. Kf6 Rf5+ 57. Ke7 Kg7 58. d7 Rd5 59. d8=Q Rxd8 60. Kxd8+ 1-0

[Event "*** Titled Tuesday Blitz"]
[Site "Chess.com"]
[Date "2021.03.09"]
[Round "1"]
[White "Homyakova_Elena"]
[Black "Malev212"]
[Result "0-1"]
[WhiteElo "2263"]
[BlackElo "2572"]
[TimeControl "180+1"]
[EndTime "10:08:05 PST"]
[Termination "Malev212 won on time"]

1. e4 c5 2. Nf3 e6 3. Nc3 a6 4. d4 cxd4 5. Nxd4 Qc7 6. Be2 Bc5 7. Nb3 Be7 8. O-O d6 9. Kh1 Nd7 10. a4 b6 11. f4 Bb7 12. Bf3 Ngf6 13. Be3 O-O 14.
Qe1 Rfe8 15. Rd1 Bf8 16. g4 d5 17. e5 Ne4 18. Nxe4 dxe4 19. Bg2 Rad8 20. c3 g5 21. Bd4 gxf4 22. Bxe4 Bg7 23. Rxf4 Nxe5 24. Kg1 Nc4 25.
Qf2 Bxe4 26. Rxe4 e5 27. Rde1 Nxb2 28. Be3 Nd3 29. Qe2 Nxe1 30. Qxe1 Qc6 31. Bf2 Rd1 32. Qxd1 Qxe4 33. Qd7 Rf8 34. Nd2 Qe2 35. Nf1 f5 36.
Bxb6 Qxg4+ 37. Ng3 e4 38. Qe6+ Kh8 39. Bc5 Rb8 40. Qxf5 Rb1+ 41. Kf2 Qxf5+ 42. Nxf5 Bxc3 43. Nd6 Bb4 44. Bd4+ Kg8 45. Nxe4 Rb3 46. Nf6+ Kg7 47. Nd5+ Kg6 48. Nf4+ Kf5 49. Ne2 Ra3 50. Ng3+ Kg4 51.
Be3 Ra2+ 0-1

[Event "*** Titled Tuesday Blitz"]
[Site "Chess.com"]
[Date "2021.03.09"]
[Round "1"]
[White "mr_gustavo"]
[Black "RobertoJBM"]
[Result "0-1"]
[WhiteElo "2399"]
[BlackElo "2727"]
[TimeControl "180+1"]
[EndTime "10:08:06 PST"]
[Termination "RobertoJBM won by resignation"]

1. e4 c6 2. Nc3 d5 3. Nf3 dxe4 4. Nxe4 Bg4 5. h3 Bxf3 6. Qxf3 Nd7 7. d3 Ngf6 8. Bd2 e6 9. O-O-O Be7 10. g4 Qb6 11. Bc3 Nxe4 12. dxe4 Bf6 13. Rxd7 Kxd7 14. Bxf6 gxf6 15.
Qxf6 Rhf8 16. Bc4 Rad8 17. f4 Qe3+ 18. Kb1 Qxe4 19. Rd1+ Kc8 20. Bd3 Qf3 21. Re1 Qxh3 22. g5 Rxd3 23. cxd3 Qxd3+ 24. Ka1 Rd8 25. a3 Rd7 26.
Qh8+ Kc7 27. Qe5+ Qd6 28. Qe4 Qd2 29. Qe5+ Kb6 30. Rh1 Qd3 31. Rc1 a5 32. Qc5+ Ka6 33.
Qf8 Ka7 34. Qc5+ Ka6 35. Qf8 Qf5 36. Qa8+ Kb6 37. Qc8 Qd5 38. Qh8 Qd3 39. Qe5 Rd5 40. Qf6 Qf5 41. Qe7 Ka7 42. Qf8 Rd7 43. Qg7 Qd5 44.
Qc3 Qb5 45. Qe3+ Qb6 46. Qe4 Rd2 47. Qe5 Qd4 48. Qxd4+ Rxd4 49. Rf1 Rd5 50. Kb1 Rf5 51. Kc2 e5 52. Kd3 exf4 53. Rxf4 Rxf4 0-1

[Event "*** Titled Tuesday Blitz"]
[Site "Chess.com"]
[Date "2021.03.09"]
[Round "1"]
[White "googlegoom"]
[Black "Azerichess"]
[Result "0-1"]
[WhiteElo "2477"]
[BlackElo "2970"]
[TimeControl "180+1"]
[EndTime "10:08:07 PST"]
[Termination "Azerichess won by resignation"]

1. Nf3 d5 2. b3 Nf6 3. Bb2 e6 4. e3 Be7 5. Be2 O-O 6. O-O c5 7. d4 cxd4 8. Nxd4 b6 9. Nd2 Bb7 10. c4 Nc6 11. Rc1 Rc8 12. Nxc6 Bxc6 13. Bf3 Qd7 14.
cxd5 Bxd5 15. Bxd5 Nxd5 16. Nf3 Rxc1 17. Qxc1 Rc8 18.
Qa1 f6 19. Rc1 e5 20. Rxc8+ Qxc8 21. Qc1 Qxc1+ 22. Bxc1 Nc3 23. Kf1 Nxa2 24. Bb2 Kf7 25. Ke2 Ke6 26. e4 Nb4 27. Nd2 Nc6 28. Kd3 b5 29. f3 a5 30. Nb1 Bc5 31. Nc3 Bd4 32. Bc1 Bxc3 33. Kxc3 g6 34. Be3 f5 35. Bb6 g5 36. g4 f4 37. h3 Kd6 38. Bf2 a4 39. b4 Nd8 40. Bc5+ Ke6 41. Bb6 Nf7 42. Bc5 Kf6 43.
Kd3 Kg6 44. Kc3 Kf6 45. Kd3 Nh8 46. Kc3 Ng6 47. Bf2 Nf8 48. Bc5 Ne6 49. Bb6 h5 50. Bf2 hxg4 51. hxg4 Nf8 52. Bc5 Ng6 53. Bf2 Nh4 0-1

[Event "*** Titled Tuesday Blitz"]
[Site "Chess.com"]
[Date "2021.03.09"]
[Round "1"]
[White "Blazinq"]
[Black "FeketeBarika"]
[Result "1-0"]
[WhiteElo "2614"]
[BlackElo "2308"]
[TimeControl "180+1"]
[EndTime "10:08:07 PST"]
[Termination "Blazinq won by checkmate"]

1. e4 e6 2. d4 d5 3. Nc3 Bb4 4.
e5 c5 5. a3 Bxc3+ 6. bxc3 Ne7 7. a4 Nbc6 8. Nf3 O-O 9. Bd3 Nf5 10. O-O c4 11. Bxf5 exf5 12. Ba3 Re8 13. Rb1 b6 14.
Qd2 Qd7 15. Rfe1 Bb7 16. Qf4 Qe6 17. Nh4 Bc8 18. Re3 Ne7 19. Bxe7 Rxe7 20. Rf3 g6 21. Qh6 f6 22. Nxf5 Rf7 23. Nh4 fxe5 24. Re1 e4 25.
Rg3 Qf6 26. Rf1 Bf5 27. f3 exf3 28. Rgxf3 Qg7 29. Qxg7+ Kxg7 30. Nxf5+ gxf5 31. Rxf5 Rxf5 32. Rxf5 Rd8 33. Kf2 Rd7 34. Kf3 Kg6 35. Kf4 Re7 36.
Rg5+ Kf6 37. Rf5+ Kg6 38. Rxd5 Re2 39. Rd6+ Kf7 40. Rd7+ Kf6 41. g4 Rxc2 42. h4 Rxc3 43.
Rxh7 Rd3 44. Ke4 Rg3 45. Rh6+ Kg7 46. g5 Rg4+ 47. Kf5 Rxd4 48. Rc6 Rd5+ 49. Kg4 Rc5 50. Rd6 c3 51. Rd7+ Kg6 52. h5# 1-0

[Event "*** Titled Tuesday Blitz"]
[Site "Chess.com"]
[Date "2021.03.09"]
[Round "1"]
[White "VladaSviridova"]
[Black "deribas12345"]
[Result "0-1"]
[WhiteElo "2221"]
[BlackElo "2542"]
[TimeControl "180+1"]
[EndTime "10:08:08 PST"]
[Termination "deribas12345 won by checkmate"]

1. d4 Nf6 2. c4 c5 3. d5 b5 4.
cxb5 a6 5. bxa6 Bxa6 6. Nc3 d6 7. Nf3 g6 8. g3 Bg7 9. Bg2 O-O 10. O-O Nbd7 11.
Rb1 Ne8 12. Bd2 Nc7 13. b3 Nb6 14. Nh4 Qd7 15. Qc2 Nb5 16. Nxb5 Bxb5 17. Rfe1 Rfc8 18. a4 Nxa4 19. bxa4 Bxa4 20. Qe4 c4 21. Be3 c3 22.
Bd4 Rc4 23. e3 c2 24. Rbc1 Bb3 25. Qd3 Qb5 26. Bxg7 Kxg7 27. Bf1 Qb4 28. Nf3 Rac8 29.
Nd2 Rc3 30. Qd4+ Qxd4 31. exd4 Bxd5 32. Bg2 Be6 33. Ne4 Rd3 34. Ng5 Rxd4 35. Nxe6+ fxe6 36. Bh3 Rc5 37. Bxe6 Kf6 38. Bh3 e5 39. Bg2 h5 40.
Be4 Rd2 41. Kf1 d5 42. Bf3 e4 43. Be2 d4 44. Kg1 d3 45. Bf1 Rc4 46. h4 Kf5 47. Bg2 Rb4 48. Bh3+ Ke5 49. Bg2 Kd5 50. Bf1 Kd4 51.
Bg2 Kc3 52. Bxe4 Kb2 53. Bf3 Rb5 54. Kg2 Rf5 55. Re3 Kxc1 56. Be4 Rfxf2+ 57. Kg1 Rfe2 58. Rxd3 Re1# 0-1

[Event "*** Titled Tuesday Blitz"]
[Site "Chess.com"]
[Date "2021.03.09"]
[Round "1"]
[White "woodhy"]
[Black "GigaQuparadze"]
[Result "0-1"]
[WhiteElo "2472"]
[BlackElo "2951"]
[TimeControl "180+1"]
[EndTime "10:08:09 PST"]
[Termination "GigaQuparadze won by resignation"]

1. e4 c5 2. Nf3 e6 3. d4 cxd4 4.
Nxd4 a6 5. c4 Nf6 6. Nc3 Qc7 7. a3 b6 8. Be3 Bb7 9. f3 Nc6 10. Rc1 Nxd4 11. Bxd4 Bd6 12. g3 h5 13. Bg2 h4 14. f4 Bc5 15. b4 Bxd4 16. Qxd4 Rc8 17. Na4 b5 18. Nb6 Rb8 19. c5 Bxe4 20. Bxe4 Nxe4 21. Qxg7 Ke7 22. Qd4 Qc6 23. Rd1 Nf6 24.
Rg1 hxg3 25. hxg3 Rh2 26. Qd6+ Qxd6 27. Rxd6 Ra2 28. g4 Ra1+ 29. Rd1 Rxd1+ 30. Kxd1 d6 31. g5 Ne4 32. Re1 dxc5 33. Rxe4 Rxb6 34. bxc5 Rb8 35. Kc2 Rd8 36. Re5 Rd4 37. f5 Rg4 38. f6+ Kd7 39. Kb3 Rf4 40. Kb2 a5 41. Kb3 Rf3+ 42. Kb2 a4 43.
Ka2 Rf2+ 44. Kb1 Kc6 45. Ka1 Rg2 46. Kb1 Kc7 47. Ka1 Kd7 48. Kb1 Rg4 49. Ka1 Rc4 50. Kb2 Ke8 51. g6 fxg6 52. Rxe6+ Kf7 53. Rc6 g5 54. Kb1 g4 55. Kb2 g3 56. Rc7+ Kxf6 57. Rc8 Kg7 58. c6 g2 59. Rc7+ Kf6 60. Rc8 g1=Q 0-1

[Event "*** Titled Tuesday Blitz"]
[Site "Chess.com"]
[Date "2021.03.09"]
[Round "1"]
[White "kekic76"]
[Black "Szparu"]
[Result "0-1"]
[WhiteElo "2345"]
[BlackElo "2645"]
[TimeControl "180+1"]
[EndTime "10:08:09 PST"]
[Termination "Szparu won by resignation"]

1. e4 c5 2. Nf3 Nc6 3. d4 cxd4 4. Nxd4 Nf6 5. Nc3 d6 6. g3 g6 7. Bg2 Bg7 8. Nxc6 bxc6 9. e5 dxe5 10. Bxc6+ Bd7 11. Bxd7+ Nxd7 12. O-O O-O 13. Nd5 Nb6 14. Nxb6 Qxb6 15. b3 e4 16. Rb1 Qa6 17. a4 Rad8 18. Qe1 f5 19. Be3 e5 20. Qb4 Rb8 21. Qc5 f4 22.
Qxa7 Qe6 23. Rfe1 fxe3 24. Qxe3 Rb4 25. Re2 Rd4 26. Rbe1 Rf3 27. Qg5 Bf6 28. Qh6 Qf5 29.
Qc1 h5 30. a5 Bg5 31. Qa3 Rd7 32. a6 Qf7 33. Qc5 e3 34. fxe3 Bf6 35. e4 g5 36.
b4 g4 37. b5 Qe7 38. Qxe7 Bxe7 39. Rb1 Bc5+ 40. Kg2 Bb6 41. c4 Rc7 42. Ra1 Rd3 43.
a7 Rxa7 44. Rxa7 Bxa7 45. Ra2 Bd4 46. Ra6 Rd2+ 47. Kf1 Rxh2 48. Rc6 Rb2 49. Ke1 Kg7 50. Kf1 h4 51. gxh4 g3 52. h5 g2+ 0-1

[Event "*** Titled Tuesday Blitz"]
[Site "Chess.com"]
[Date "2021.03.09"]
[Round "1"]
[White "IECS12"]
[Black "alejogarcia1999"]
[Result "1-0"]
[WhiteElo "2241"]
[BlackElo "2527"]
[TimeControl "180+1"]
[EndTime "10:08:14 PST"]
[Termination "IECS12 won by resignation"]

1. d4 Nf6 2. Bf4 g6 3. Nc3 Bg7 4. e4 d6 5. Qd2 h6 6. O-O-O g5 7. Bg3 Nh5 8. f3 Nc6 9. Bf2 e5 10. Nge2 exd4 11. Nxd4 Nxd4 12. Bxd4 Bxd4 13. Qxd4 Qf6 14.
Nd5 Qxd4 15. Rxd4 Kd8 16. Bc4 Be6 17. Rhd1 c6 18. Ne3 Bxc4 19. Nxc4 Kc7 20. Nxd6 f6 21. Nf5 Nf4 22. Rd7+ Kb6 23. g3 Ne6 24. R7d6 Rae8 25. b3 h5 26. Kb2 h4 27. a4 hxg3 28. hxg3 Rh2 29. Rd7 a5 30. Rxb7+ Kxb7 31. Nd6+ Kb6 32. Nxe8 Rf2 33. Rd3 Nc5 34. Rc3 Nd7 35. Nd6 Ne5 36. Nc4+ Nxc4+ 37. bxc4 Kc5 38. Kb3 Rg2 39. g4 Rg1 40. Rd3 Rb1+ 41. Ka2 Rb4 42. Ka3 Rxc4 43. c3 Kb6 44. Kb3 Rc5 45. Rd6 Re5 46. Rxf6 Re7 47.
Rf5 Re8 48. Rxg5 Rf8 49. Rf5 Rg8 50. e5 c5 51. Kc4 Kc7 52. Rf6 Re8 53. Kxc5 Rxe5+ 54. Kd4 Re2 55. g5 Rd2+ 56. Ke3 Rb2 57. g6 Rg2 58. Rf7+ Kd8 59. g7 Ke8 60. Rf8+ 1-0

[Event "*** Titled Tuesday Blitz"]
[Site "Chess.com"]
[Date "2021.03.09"]
[Round "1"]
[White "KubaGepard"]
[Black "Funo09"]
[Result "0-1"]
[WhiteElo "2395"]
[BlackElo "2721"]
[TimeControl "180+1"]
[EndTime "10:08:15 PST"]
[Termination "Funo09 won by checkmate"]

1. d4 Nf6 2. Nf3 e6 3. Bf4 d5 4. e3 Bd6 5. Bg3 c5 6. c3 O-O 7. Nbd2 b6 8. Bd3 Ba6 9. Bxa6 Nxa6 10. Qe2 Nb8 11. e4 Be7 12. Bxb8 Rxb8 13. e5 Nd7 14.
O-O b5 15. dxc5 Nxc5 16. Nd4 Qb6 17. f4 b4 18. Rf3 Na4 19. Nb3 bxc3 20. bxc3 Rfc8 21.
Rc1 Rc4 22. Rg3 Rbc8 23. Qd2 Ba3 24. Rc2 Bb4 25. f5 exf5 26. Qg5 Bf8 27. Qxf5 Nxc3 28. Rf3 R8c7 29. e6 Rxd4 30. exf7+ Kh8 31. Nxd4 Qxd4+ 32. Kh1 Re7 33. Rf1 Ne4 34. Qf3 Nf6 35. Qd1 Qe4 36. Rcf2 Rxf7 37. h3 h6 38. Qf3 Qxf3 39.
Rxf3 d4 40. Kh2 Bd6+ 41. Kh1 Rb7 42. Rd3 Be5 43. Rf5 Re7 44. g4 Ne4 45. Kg2 Kh7 46. Rff3 Nc5 47. Ra3 Ne6 48. Rf1 Nf4+ 49. Kf3 d3 50.
Ke4 Bb2+ 51. Kxf4 Bxa3 52. Rd1 d2 53. Rxd2 Bc1 54. Kf3 Bxd2 55. h4 Re3+ 56. Kf4 Ra3+ 57.
Kf5 Rxa2 58. g5 hxg5 59. hxg5 g6+ 60. Kf6 a5 61. Kf7 a4 62. Ke6 a3 63. Kf6 Bc3+ 64.
Ke6 Re2+ 65. Kf7 a2 66. Kf8 a1=Q 67. Kf7 Qf1# 0-1

[Event "*** Titled Tuesday Blitz"]
[Site "Chess.com"]
[Date "2021.03.09"]
[Round "1"]
[White "pastouche06"]
[Black "KafkaesqueKnight"]
[Result "1-0"]
[WhiteElo "2547"]
[BlackElo "2236"]
[TimeControl "180+1"]
[EndTime "10:08:18 PST"]
[Termination "pastouche06 won by resignation"]

1. d4 Nf6 2. c4 g6 3. f3 Bg7 4.
e4 d6 5. Ne2 O-O 6. Be3 e5 7. Qd2 Nc6 8. d5 Ne7 9. Ng3 c6 10. Be2 b5 11. dxc6 bxc4 12. Bxc4 d5 13. exd5 Nexd5 14. Nc3 Nxe3 15. Qxe3 Qc7 16. Nge4 Qxc6 17.
Nxf6+ Qxf6 18. O-O Be6 19. Ne4 Qe7 20. Bxe6 Qxe6 21.
Rfd1 a5 22. Nc5 Qb6 23. Qf2 Rfc8 24. Rac1 Bh6 25. Rc2 Rc7 26. Rd3 Rac8 27. Rdc3 Bf8 28. Ne4 Qxf2+ 29. Kxf2 Rxc3 30. Rxc3 Rxc3 31. Nxc3 Bc5+ 32.
Ke2 Bd4 33. Na4 f5 34. a3 Kf7 35. b4 axb4 36. axb4 Ke6 37. b5 Kd6 38. Kd3 Bg1 39.
h3 Kd5 40. b6 Kc6 41. Kc4 e4 42. fxe4 fxe4 43. Nc3 Bxb6 44. Nxe4 Bd8 45. g4 Be7 46. Kd4 h6 47. Ke5 Kd7 48. Nf6+ Kd8 49. Ke6 h5 50. g5 Bb4 51. Kf7 Bd2 52. Kxg6 Ke7 53.
Nxh5 Kf8 54. Nf6 Bc1 55. h4 Bd2 56. h5 Bc3 57. h6 Bxf6 58. gxf6 Kg8 59. f7+ Kf8 60.
h7 1-0

[Event "*** Titled Tuesday Blitz"]
[Site "Chess.com"]
[Date "2021.03.09"]
[Round "1"]
[White "Skat2704"]
[Black "malakismayil"]
[Result "1-0"]
[WhiteElo "2580"]
[BlackElo "2276"]
[TimeControl "180+1"]
[EndTime "10:08:19 PST"]
[Termination "Skat2704 won by checkmate"]

1. d4 Nf6 2. c4 e6 3. Nf3 Bb4+ 4.
Bd2 Qe7 5. g3 Nc6 6. Bg2 O-O 7.
O-O Bxd2 8. Qxd2 d6 9. Nc3 e5 10. d5 Nb8 11. e4 a5 12. Ne1 Na6 13. Nd3 Nd7 14. b3 Nac5 15. Rae1 Nxd3 16. Qxd3 Nc5 17. Qc2 Bd7 18. h3 Rae8 19. Kh2 f5 20. f4 fxe4 21. Nxe4 Bf5 22. Qd2 Nxe4 23. Bxe4 Bxe4 24. Rxe4 b6 25. f5 Rf7 26. g4 Ref8 27.
Re2 h5 28. Kg3 Kh7 29. Ref2 e4 30. Qf4 Qf6 31. Qxe4 Re7 32. Qd3 Qe5+ 33. Kg2 Qe4+ 34. Qxe4 Rxe4 35. g5 Rfe8 36. f6 Re2 37. Rxe2 Rxe2+ 38. Kf3 Re8 39. Kf4 Kg6 40. fxg7 Kxg7 41. Kg3 Kg6 42.
h4 Re3+ 43. Rf3 Re1 44. Rf6+ Kg7 45. Re6 Rg1+ 46. Kf2 Rg4 47. Re7+ Kg6 48. Rxc7 Rxh4 49. Rc6 Kxg5 50. Rxd6 Rh2+ 51. Kg3 Rxa2 52. Rxb6 h4+ 53. Kh3 Rc2 54. d6 Rc3+ 55. Kh2 Kg4 56. d7 Rc2+ 57. Kg1 Rd2 58. Rg6+ Kh3 59. Rg7 Rd3 60. c5 Rd1+ 61.
Kf2 Rd2+ 62. Ke3 Rd1 63. c6 Kh2 64. c7 h3 65. c8=Q Re1+ 66. Kf2 Re5 67. Qc7 Kh1 68.
Qxe5 h2 69. Qe1# 1-0

[Event "*** Titled Tuesday Blitz"]
[Site "Chess.com"]
[Date "2021.03.09"]
[Round "1"]
[White "jerry_77"]
[Black "SantoBlue"]
[Result "0-1"]
[WhiteElo "2451"]
[BlackElo "2857"]
[TimeControl "180+1"]
[EndTime "10:08:20 PST"]
[Termination "SantoBlue won by resignation"]

1. e4 e5 2. Nf3 Nc6 3. Nc3 Nf6 4. Bb5 Bd6 5. O-O a6 6. Bxc6 dxc6 7. d3 Nd7 8. Ne2 f6 9. Ng3 Nf8 10. Nh4 Ne6 11.
Nhf5 Bf8 12. Ne2 c5 13. f4 exf4 14. Nxf4 g6 15. Ng3 Bg7 16. Be3 b6 17. c3 Qd6 18. Nd5 O-O 19. Qb3 Kh8 20. Rad1 Bb7 21. Nf4 Rae8 22. Nxe6 Qxe6 23. c4 Rd8 24. Bxc5 Rfe8 25.
Bf2 Rd7 26. d4 h5 27. d5 Qg4 28. h3 Qg5 29. Rfe1 Rde7 30. h4 Qg4 31. c5 b5 32.
c6 Bc8 33. Qf3 f5 34. exf5 Rxe1+ 35. Rxe1 Rxe1+ 36. Bxe1 Qxh4 37. Bc3 Bd4+ 38. Bxd4+ Qxd4+ 39. Qf2 Qxd5 40. fxg6 Kg7 41. Nxh5+ Qxh5 42. Qf7+ Kh6 43. Qf8+ Kxg6 44. Qxc8 Qc5+ 45. Kh2 Qd6+ 46. Kh3 Qxc6 47.
Qg4+ Kf6 48. Qf4+ Ke7 49. Qe5+ Kf7 50. Qf5+ Ke8 51. Qe5+ Kd7 52. Qd4+ Kc8 53. Qg4+ Kb8 54. Qf3 Qh6+ 55. Kg3 Qg7+ 56. Kf2 Qxb2+ 57. Qe2 Qd4+ 58. Qe3 Qf6+ 59. Qf3 Qb2+ 60. Qe2 Qxe2+ 61. Kxe2 Kc8 62.
Ke3 c5 63. Ke4 Kd7 64. Kd5 c4 65. Kd4 Ke6 66. Kc3 Kf5 67. Kb4 Kg4 68. a4 Kg3 0-1

[Event "*** Titled Tuesday Blitz"]
[Site "Chess.com"]
[Date "2021.03.09"]
[Round "1"]
[White "StockholmMissile"]
[Black "Grineva_Marianna"]
[Result "1-0"]
[WhiteElo "2575"]
[BlackElo "2274"]
[TimeControl "180+1"]
[EndTime "10:08:22 PST"]
[Termination "StockholmMissile won by checkmate"]

1. d4 Nf6 2. c4 d6 3. Nf3 g6 4. g3 Bg7 5. Bg2 Nbd7 6. Nc3 c6 7. O-O O-O 8. e4 e5 9. h3 Qc7 10. d5 c5 11. Ne1 a6 12. a4 Kh8 13. Nd3 Ng8 14.
f4 exf4 15. gxf4 f5 16. exf5 Rxf5 17. Be4 Rh5 18. Bg2 Bd4+ 19. Kh2 Ndf6 20. Ne2 Ng4+ 21.
Kg3 Ne3 22. Bxe3 Bxe3 23. Qe1 Qe7 24. Qc3+ Nf6 25. Rae1 Kg8 26. Ng1 Ne4+ 27. Bxe4 Qh4+ 28. Kf3 Bd4 29. Qd2 Bxh3 30. Nxh3 Qxh3+ 31. Ke2 Re8 32. Kd1 Qg3 33. Re2 Rh3 34. Bf3 Rf8 35. Rg2 Qh4 36. Kc2 Qf6 37. Kb1 Re8 38. Re2 Rxe2 39. Qxe2 Kg7 40. Qe6 Qxe6 41. dxe6 Kf6 42.
Nf2 Rh4 43. Bxb7 Ke7 44. Nd3 Rh3 45. Kc2 Rh2+ 46. Kb3 h5 47. Bxa6 h4 48. Ne1 h3 49.
Nf3 Re2 50. Bb7 h2 51. Rh1 Rxb2+ 52. Ka3 Rxb7 53. Rxh2 Rb4 54. Ng5 Rxc4 55. Rh7+ Ke8 56. Nf7 Rc3+ 57. Ka2 Rc2+ 58. Kb1 Rb2+ 59. Kc1 Re2 60.
Nxd6+ Kd8 61. Rd7# 1-0

[Event "*** Titled Tuesday Blitz"]
[Site "Chess.com"]
[Date "2021.03.09"]
[Round "1"]
[White "hansen"]
[Black "guillembaches"]
[Result "1/2-1/2"]
[WhiteElo "2846"]
[BlackElo "2458"]
[TimeControl "180+1"]
[EndTime "10:08:26 PST"]
[Termination "Game drawn by stalemate"]

1. e4 c5 2. Nf3 d6 3. Bb5+ Bd7 4. Bxd7+ Qxd7 5. c4 e5 6. Nc3 Nc6 7. d3 Be7 8. O-O Bd8 9. a3 a5 10. Rb1 Nge7 11. Bd2 O-O 12. Nd5 Nxd5 13. cxd5 Nd4 14. b4 axb4 15. axb4 b6 16. h3 f5 17. bxc5 bxc5 18.
Nxd4 exd4 19. Re1 fxe4 20. Rxe4 Qf5 21. Bf4 Qxd5 22. Qg4 Bf6 23. Re6 Be5 24. Bxe5 dxe5 25. Re1 Rae8 26. Ra6 c4 27. dxc4 Qxc4 28. Ra7 Rf7 29.
Rd7 Rxd7 30. Qxd7 Qf7 31. Qd6 Rf8 32. f3 Qf6 33. Qxe5 Qxe5 34. Rxe5 Rd8 35. Kf2 Kf7 36.
Ke1 Kf6 37. Re4 Kf5 38. Kd2 g5 39. Kd3 h5 40. Rxd4 Ra8 41. Ke3 Ra3+ 42. Rd3 Ra2 43.
Rd5+ Kf6 44. Rd2 Ra3+ 45. Ke4 Ra4+ 46. Rd4 Ra2 47. Rd6+ Kg7 48. g3 Rg2 49. g4 Rg3 50.
Rd5 hxg4 51. Rxg5+ Kf6 52. Rxg4 Rxh3 53. Rg8 Rh1 54.
Rg4 Re1+ 55. Kf4 Ra1 56. Rh4 Ra4+ 57. Kg3 Rxh4 58. Kxh4 Kf5 59. Kg3 Kg5 60. f4+ Kf5 61. Kf3 Kf6 62. Kg4 Kg6 63. f5+ Kf6 64. Kf4 Kf7 65. Kg5 Kg7 66. f6+ Kf7 67. Kf5 Kf8 68.
Kg6 Kg8 69. f7+ Kf8 70. Kf6 1/2-1/2

[Event "*** Titled Tuesday Blitz"]
[Site "Chess.com"]
[Date "2021.03.09"]
[Round "1"]
[White "kayrakamer"]
[Black "SanQui14"]
[Result "1-0"]
[WhiteElo "2693"]
[BlackElo "2373"]
[TimeControl "180+1"]
[EndTime "10:08:26 PST"]
[Termination "kayrakamer won by resignation"]

1. e4 e6 2. d4 d5 3. Nd2 c5 4.
Ngf3 cxd4 5. Nxd4 Nc6 6. Bb5 Bd7 7. Nxc6 bxc6 8. Bd3 Bd6 9. O-O Nf6 10. Qe2 e5 11. c4 O-O 12. f4 Bc5+ 13. Kh1 Ng4 14. Nb3 Bd6 15. f5 Nf6 16. Bg5 dxe4 17. Bxe4 Be7 18.
Bxf6 Bxf6 19. Rad1 Qc7 20. Nc5 Rad8 21. Qf3 Be8 22.
Rxd8 Bxd8 23. h3 Be7 24. Nd3 f6 25. b4 Bf7 26. Rc1 Rc8 27. a4 Qb6 28. c5 Qa6 29. b5 Qxa4 30. Bxc6 a6 31. Bb7 e4 32. Qg4 Rd8 33.
Qxe4 Qxe4 34. Bxe4 axb5 35. c6 Rc8 36. Rb1 Bc4 37.
Kg1 Rd8 38. Nb4 Bc5+ 39. Kh1 Re8 40. Bd5+ Bxd5 41. Nxd5 Rc8 42. c7 b4 43. Rc1 Bd6 44. Rc6 Be5 45. Ne7+ Kf7 46. Nxc8 Ke8 47. Rb6 Kd7 48.
Rxb4 Kxc8 49. Rh4 h6 50. Rg4 Kxc7 51. Rxg7+ Kd6 52. Rg6 h5 53. Rh6 Kd5 54. Rxh5 Ke4 55. g4 Kf4 56. Kg2 Bd4 57. Rh7 Be5 58. Rb7 Kg5 59.
Rb5 Bd4 60. Kf3 Bc3 61. Rb7 Bd4 62. Ke4 Bc3 63. Kd5 Be5 64. Ke6 Kh4 65. Rh7+ Kg5 66. Rg7+ Kh4 67. Rg6 Kxh3 68. Rxf6 Bxf6 69. Kxf6 Kxg4 70.
Kg6 1-0

[Event "*** Titled Tuesday Blitz"]
[Site "Chess.com"]
[Date "2021.03.09"]
[Round "1"]
[White "Vaathi_Coming"]
[Black "AwareIdea"]
[Result "1-0"]
[WhiteElo "2818"]
[BlackElo "2428"]
[TimeControl "180+1"]
[EndTime "10:08:29 PST"]
[Termination "Vaathi_Coming won on time"]

1. Nf3 d5 2. b3 Nf6 3. Bb2 Bf5 4. e3 c6 5. Be2 e6 6. O-O h6 7. c4 Be7 8. Nc3 O-O 9. d4 Nbd7 10.
h3 Re8 11. Bd3 Bxd3 12. Qxd3 Bf8 13. Rfd1 Qc7 14. Rac1 Rad8 15. Qe2 Qb8 16. e4 dxe4 17. Nxe4 Nxe4 18. Qxe4 Be7 19. Rc2 Bf6 20. Rcd2 Nf8 21. g3 Rd7 22. Ne5 Bxe5 23. dxe5 Red8 24. Qe3 Rxd2 25.
Rxd2 Rxd2 26. Qxd2 Qc7 27. Kg2 c5 28. h4 Nd7 29.
Qe3 a5 30. Qe4 b6 31. h5 Nf8 32. g4 Nd7 33. Bc3 Nb8 34. Qd3 Nc6 35. f4 Kf8 36. Kg3 Qd8 37. Qd6+ Qxd6 38. exd6 Nb8 39. g5 Nd7 40. Kg4 f6 41. gxh6 gxh6 42. f5 Kf7 43.
Kf4 Nb8 44. Ke4 Nd7 45. Bd2 exf5+ 46. Kxf5 Ne5 47. Bxh6 Nc6 48. Be3 Nb4 49. h6 Nc2 50. Bf2 Nd4+ 51. Bxd4 cxd4 52. h7 Kg7 53. h8=Q+ Kxh8 54.
d7 Kg7 55. d8=Q d3 56. Qxf6+ Kh7 57. Qg6+ 1-0

[Event "*** Titled Tuesday Blitz"]
[Site "Chess.com"]
[Date "2021.03.09"]
[Round "1"]
[White "AndrewMaco"]
[Black "Ladislav1969"]
[Result "0-1"]
[WhiteElo "2595"]
[BlackElo "2327"]
[TimeControl "180+1"]
[EndTime "10:08:29 PST"]
[Termination "Ladislav1969 won on time"]

1. e4 c5 2. Nf3 e6 3. b3 d6 4. Bb2 Nf6 5. e5 dxe5 6. Nxe5 Nbd7 7. Nc4 b5 8. Ne3 a6 9. a4 b4 10. Be2 Bb7 11. O-O Bd6 12. Nc4 Bc7 13. d4 O-O 14. Nbd2 cxd4 15. Bxd4 Nb6 16. Bb2 Nbd5 17. Bf3 Rc8 18. Qe2 Bb8 19. Rfd1 Qc7 20. g3 Nc3 21.
Bxc3 bxc3 22. Ne4 Nxe4 23. Bxe4 Bxe4 24. Qxe4 Ba7 25. Rd3 Qc5 26. Qe2 Qb4 27. Rad1 Bc5 28. Qf3 Be7 29. Rxc3 Bf6 30. Rcd3 Rc5 31. Qe2 Rf5 32. Rf3 Rd5 33. Rfd3 Rfd8 34. Ne3 Rxd3 35. Rxd3 Rc8 36. Nc4 h6 37. h4 Qc5 38. Rd7 Bd4 39. Qd2 e5 40. c3 Qc6 41. Rxf7 Kxf7 42. cxd4 Qe6 43. dxe5 Kg8 44. Qe3 Rf8 45. Nd6 Qd5 46. f4 Qd1+ 47. Kf2 Qc2+ 48. Kf3 Qd1+ 49. Qe2 Qd5+ 50. Qe4 Qxb3+ 51. Kg4 Qd1+ 52. Kh3 Qf1+ 53. Kh2 Qf2+ 54. Qg2 Qd4 55. Qa2+ Kh7 56. Qb1+ Kg8 57.
h5 Qf2+ 58. Kh3 Qf3 59. Kh4 Qg2 60. Qe4 Qh2+ 0-1

[Event "*** Titled Tuesday Blitz"]
[Site "Chess.com"]
[Date "2021.03.09"]
[Round "1"]
[White "TooOldTooSlow70"]
[Black "DFeco"]
[Result "0-1"]
[WhiteElo "2538"]
[BlackElo "2269"]
[TimeControl "180+1"]
[EndTime "10:08:29 PST"]
[Termination "DFeco won by checkmate"]

1. Nf3 d5 2. d4 Nf6 3. c4 c6 4. e3 Bf5 5. Nc3 a6 6. Bd3 Bg6 7. O-O e6 8. b3 Nbd7 9. Bb2 Bd6 10. h3 O-O 11. Qe2 Qe7 12. a3 Rac8 13. e4 dxe4 14. Nxe4 Nxe4 15. Bxe4 f5 16. Bc2 c5 17. Rfe1 Rfe8 18. dxc5 Bxc5 19. b4 Bd6 20. c5 Bb8 21. Bb3 Bf7 22. Ne5 Nxe5 23. Bxe5 Bxe5 24. Qxe5 Qc7 25. f4 Qxe5 26. Rxe5 Kf8 27. Rae1 Rcd8 28. Bxe6 Bxe6 29. Rxe6 Rxe6 30. Rxe6 Rd4 31. Rb6 Rd7 32. Kf2 Ke7 33. Ke3 Kd8 34. c6 Re7+ 35. Kd3 bxc6 36. Rxc6 Re4 37. Rxa6 Rxf4 38. Ra7 g6 39. Rxh7 Rf2 40.
a4 Rxg2 41. a5 Kc8 42. b5 Rg1 43. a6 Ra1 44. Kc4 Kb8 45. Kc5 Re1 46. b6 Re8 47. Kc6 Re6+ 48. Kc5 Re8 49. Rg7 f4 50. Rxg6 Rf8 51.
a7+ Ka8 52. Kc6 f3 53. Kb5 f2 54. Rg8 f1=Q+ 55. Kc6 Qf3+ 56. Kc7 Rxg8 57. b7+ Qxb7+ 58. Kd6 Qxa7 59. Ke6 Qf2 60. Ke5 Qg3+ 61. Ke6 Qxh3+ 62.
Kd6 Qh7 63. Kc5 Rg6 64. Kd5 Qh5+ 65. Ke4 Rg4+ 66. Kf3 Qh3+ 67. Kf2 Rg2+ 68. Kf1 Qh1# 0-1